 Dungeon Crawl Stone Soup version 0.21.1-1-g345015f (webtiles) character file.

7 shakethe the Chopper (level 1, 0/16 HPs)
             Began as a Demonspawn Gladiator on Feb 27, 2018.
             Succumbed to a kobold's poison
             ... on level 1 of the Dungeon.
             The game lasted 00:00:18 (107 turns).

shakethe the Chopper (Demonspawn Gladiator)          Turns: 107, Time: 00:00:19

Health: 0/16       AC:  4    Str: 14    XL:     1   Next: 83%
Magic:  1/1        EV: 12    Int: 14    God:
Gold:   41         SH:  0    Dex: 14    Spells: 0/0 levels left

rFire    . . .     SeeInvis .   a - +0 war axe
rCold    . . .     Gourm    .   (no shield)
rNeg     . . .     Faith    .   b - +0 leather armour
rPois    .         Spirit   .   c - +0 helmet
rElec    .         Reflect  .   (no cloak)
rCorr    .         Harm     .   (no gloves)
MR       .....                  (no boots)
Stlth    +.........             (no amulet)
HPRegen  0.05/turn              (no ring)
MPRegen  0.07/turn              (no ring)

@: brilliant, lethally poisoned (0 -> -16)
A: no striking features
a: no special abilities


You were on level 1 of the Dungeon.
You were not hungry.

You visited 1 branch of the dungeon, and saw 1 of its levels.

You collected 41 gold pieces.

Inventory:

Hand Weapons
 a - a +0 war axe (weapon)
Missiles
 d - 3 throwing nets {=f, !d}
Armour
 b - a +0 leather armour (worn)
 c - a +0 helmet (worn)
Scrolls
 g - a scroll of teleportation {unknown}
Comestibles
 f - a ration


   Skills:
 + Level 2.1 Fighting
 * Level 2.9 Axes
 - Level 1.7 Throwing
 + Level 2.8 Dodging


You couldn't memorise any spells.
You didn't know any spells.

Dungeon Overview and Level Annotations

Branches:
Dungeon (1/15)

Altars:


Message History

The giant cockroach barely misses you.
You hit the giant cockroach.
You kill the giant cockroach!
No target in view!
No target in view!
No target in view!
No target in view!
No target in view!
No target in view!
No target in view!
No target in view!
No target in view!
No target in view!
No target in view!
No target in view!
No target in view!
g - a scroll labeled ZEZOVOR PUMN No target in view!
No target in view!
No target in view!
No target in view!
No target in view!
No target in view!
No target in view!
No target in view!
No target in view!
No target in view!
You now have 13 gold pieces.
A rat comes into view.
You see here 14 gold pieces.
The rat barely misses you.
You slash the rat!
You kill the rat!
No target in view!
No target in view!
No target in view!
No target in view!
No target in view!
No target in view!
No target in view!
No target in view!
No target in view!
No target in view!
You now have 27 gold pieces (gained 14).
You now have 41 gold pieces (gained 14).
A ball python comes into view.
The ball python hisses angrily.
Health restored: 16 You slash the ball python!
You kill the ball python!
No target in view!
No target in view!
No target in view!
No target in view!
No target in view!
No target in view!
No target in view!
No target in view!
No target in view!
No target in view!
No target in view!
No target in view!
No target in view!
A kobold comes into view. It is wielding a short sword of venom.
The kobold shouts!
The kobold closely misses you.
You hit the kobold but do no damage.
The kobold hits you with a short sword of venom.
You are lethally poisoned!
You take 3 damage, and have 13/16 hp.
You barely miss the kobold.
You feel sick. The kobold hits you but does no damage.
You are more poisoned.
The kobold hits you but does no damage.
You are more poisoned.
You take 2 damage, and have 11/16 hp.
You closely miss the kobold.
You feel sick. The kobold misses you.
You take 2 damage, and have 9/16 hp.
You hit the kobold.
You kill the kobold!
You feel sick.
You take 2 damage, and have 7/16 hp.
You feel sick.
Things that are here:
a short sword of venom; 4 stones You take 2 damage, and have 5/16 hp.
* * * LOW HITPOINT WARNING * * *
You feel sick.
You take 1 damage, and have 4/16 hp.
It was a potion of brilliance.
You feel clever all of a sudden.
* * * LOW HITPOINT WARNING * * *
You feel sick.
You take 2 damage, and have 2/16 hp.
* * * LOW HITPOINT WARNING * * *
You feel sick.
Things that are here:
a short sword of venom; 4 stones You take 1 damage, and have 1/16 hp.
You die...

#.....#....#..##.##....#
..8.....8....#..##.#......
#.##.######...#..##.#.#####
# #. ...#....#..##.#......
.. ........#..##.####### ..
..................... #..
...........##........
#.##########.##.#########.
#.......)@..!##...
#.#################


There were no monsters in sight!

Vanquished Creatures
  A ball python (D:1)
  A giant cockroach (D:1)
  A goblin (D:1)
  A bat (D:1)
  A kobold (D:1)
  2 rats (D:1)
7 creatures vanquished.

Notes
Turn   | Place    | Note
-------+----------+-------------------------------------------
     0 | D:1      | shakethe the Demonspawn Gladiator began the quest for the Orb.
     0 | D:1      | Reached XP level 1. HP: 16/16 MP: 1/1
   104 | D:1      | HP: 4/16 [poisoned by a kobold]
   106 | D:1      | HP: 1/16 [poisoned by a kobold]
   107 | D:1      | Succumbed to a kobold's poison

Action                   || total
-------------------------++-------
Melee: War axe           ||    19
  Use: Potion            ||     1
Armor: Leather armour    ||    10
Dodge: Dodged            ||    23

Vault maps used:
D:1:      scummos_arrival_simple_crosswalls

Table legend:
 A = Turns spent in this place as a percentage of turns spent in the entire game.
 B = Non-inter-level travel turns spent in this place as a percentage of non-inter-level travel turns spent in the entire game.
 C = Inter-level travel turns spent in this place as a percentage of turns spent in this place.
 D = Turns resting spent in this place as a percentage of non-inter-level travel turns spent in this place.
 E = Turns spent auto-exploring this place as a percentage of non-inter-level travel turns spent in this place.
 F = Non-inter-level travel turns spent in this place divided by the number of levels of this place that you've seen.
                   A       B       C       D       E      F
               +-------+-------+-------+-------+-------+----------------------
         Total | 100.0 | 100.0 |   0.0 |   0.0 |  54.2 | 107.0
       Dungeon | 100.0 | 100.0 |   0.0 |   0.0 |  54.2 | 107.0
               +-------+-------+-------+-------+-------+----------------------

Table legend:
 A = Kills in this place as a percentage of kills in entire the game.
 B = Kills by you in this place as a percentage of kills by you in the entire game.
 C = Kills by friends in this place as a percentage of kills by friends in the entire game.
 D = Other kills in this place as a percentage of other kills in the entire game.
 E = Experience gained in this place as a percentage of experience gained in the entire game.
 F = Experience gained in this place divided by the number of levels of this place that you have seen.
                   A       B       C       D       E      F
               +-------+-------+-------+-------+-------+----------------------
         Total | 100.0 | 100.0 |   N/A |   N/A | 100.0 |  10.0
       Dungeon | 100.0 | 100.0 |   N/A |   N/A | 100.0 |  10.0
               +-------+-------+-------+-------+-------+----------------------
